 Dungeon Crawl Stone Soup version 0.31-a0-806-g0bc164a743 (webtiles) character file.

Game seed: 8184950220402188197

40 Nedwor the Trooper (level 3, -3/29 HPs)
             Began as a Demonspawn Fighter on Sept 21, 2023.
             Slain by a gnoll
             ... wielding a +2 spear of pain
              (7 damage)
             ... on level 2 of the Dungeon.
             The game lasted 00:00:51 (716 turns).

Nedwor the Trooper (Demonspawn Fighter)              Turns: 716, Time: 00:00:51

Health: -3/29      AC: 10    Str: 18    XL:     3   Next: 30%
Magic:  3/3        EV:  9    Int:  9    God:
Gold:   98         SH:  8    Dex: 12    Spells: 2/2 levels left

rFire   . . .        a - +0 rapier
rCold   . . .        c - +0 buckler
rNeg    . . .        b - +0 scale mail
rPois   .            (no helmet)
rElec   .            h - +1 cloak
rCorr   .            (no gloves)
SInv    .            (no boots)
Will    .....        (no amulet) Stlth
                     (no ring)
HPRegen 0.24/turn    (no ring)
MPRegen 0.08/turn

%: no passive effects
@: no status effects
A: molten scales 1, condensation shield
a: no special abilities


You were on level 2 of the Dungeon.
You visited 1 branch of the dungeon, and saw 2 of its levels.

You collected 98 gold pieces.

Inventory:

Hand Weapons
 a - a +0 rapier (weapon)
Armour
 b - a +0 scale mail (worn)
 c - a +0 buckler (worn)
 h - a +1 cloak (worn)
Scrolls
 e - a scroll of immolation {unknown}
 f - 2 scrolls of amnesia {unknown}
 i - a scroll of revelation {unknown}
Potions
 d - a potion of might
 g - a potion of degeneration {unknown}
 j - a potion of mutation {unknown}
 k - 2 potions of curing {unknown}


   Skills:
 + Level 3.3 Fighting
 * Level 2.5 Short Blades
 + Level 3.0 Armour
 + Level 3.0 Shields


You had 2 spell levels left.
You didn't know any spells.
Your spell library contained the following spells:

 Spells                   Type           Power      Damage    Failure   Level
 Chain Lightning          Conj/Air       0%         N/A       100%        9
 Fire Storm               Conj/Fire      0%         5d1       100%        9
 Shatter                  Erth           0%         3d5*      100%        9


Dungeon Overview and Level Annotations

Branches:
Dungeon (2/15)

Altars:


Innate Abilities, Weirdness & Mutations

You are partially covered in molten scales. (AC +2)
A meltable shield of frost defends you. (SH +4)


Message History

You feel stronger. x2; Your demonic ancestry asserts itself...
Frost condenses into a shield before you.
You hit the gnoll but do no damage. You block the gnoll's attack.
The gnoll hits you from afar with a +2 spear of pain.
You hit the gnoll.
The gnoll is moderately wounded.
You block the gnoll's attack. The gnoll barely misses you.
You block the gnoll's attack. The gnoll hits you but does no damage.
You hit the gnoll but do no damage.
The gnoll is moderately wounded.
The gnoll hits you but does no damage. You block the gnoll's attack.
You hit the gnoll.
The gnoll is almost dead.
You block the gnoll's attack. The gnoll hits you with a +0 flail.
* * * LOW HITPOINT WARNING * * *
You closely miss the gnoll.
The gnoll is almost dead.
You block the gnoll's attack. The gnoll barely misses you.
You hit the gnoll.
You kill the gnoll!
The gnoll hits you from afar with a +2 spear of pain.
* * * LOW HITPOINT WARNING * * *
Your Armour skill increases to level 3!
You block the gnoll's attack.
Items here: )) ††.
You hit the gnoll.
The gnoll is lightly wounded.
You block the gnoll's attack.
You hit the gnoll.
The gnoll is moderately wounded.
The gnoll closely misses you.
The gnoll hits you with a +2 spear of pain.
* * * LOW HITPOINT WARNING * * *
You hit the gnoll but do no damage.
The gnoll is moderately wounded.
The gnoll closely misses you.
You puncture the gnoll!
The gnoll is almost dead.
The gnoll hits you with a +2 spear of pain!
You die...

#.# ....# #.#
..#.## #.# .# .#
#.# ## .. #.#
#.# #.# ##
####.#####..##.#
#.......@gg....#
####.######.####
#.# #># #.# #.#
#.# #.


You could see 2 gnolls.

Vanquished Creatures
  2 gnolls (D:2)
  2 dart slugs (D:1)
  2 ball pythons
  An endoplasm (D:2)
  2 hobgoblins
  3 quokkas (D:1)
  A bat (D:1)
  A frilled lizard (D:1)
  2 kobolds (D:1)
  2 rats (D:1)
18 creatures vanquished.

Notes
Turn   | Place    | Note
-------+----------+-------------------------------------------
     0 | D:1      | Nedwor the Demonspawn Fighter began the quest for the Orb.
     0 | D:1      | Reached XP level 1. HP: 18/18 MP: 1/1
   219 | D:1      | Gained mutation: You are partially covered in molten
                  | scales. (AC +2) [demonic ancestry]
   219 | D:1      | Reached XP level 2. HP: 22/24 MP: 2/2
   706 | D:2      | Gained mutation: A meltable shield of frost defends you.
                  | (SH +4) [demonic ancestry]
   706 | D:2      | Reached XP level 3. HP: 10/29 MP: 3/3
   716 | D:2      | Slain by a gnoll

Illustrated notes

Levels and vault maps discovered:
D:1:      wander_arrival_estate, layout_loops_ring, minmay_indecisive_spiral
D:2:      layout_rooms, uniq_terence

Skill      XL: |  1  2  3 |
---------------+----------+-----
Short Blades   | 2 |  2.5
Shields        | 3 |  3.0
Armour         | 3 |  3.0
Fighting       | |  3.3

Action                     || total
---------------------------++-------
  Melee: Rapier            ||    69
 Armour: Scale mail        ||    35
  Dodge: Dodged            ||    28
  Block: Buckler           ||    18

Table legend: (Time is in decaauts)
 A = Elapsed time spent in this place.
 B = Non-inter-level travel time spent in this place.
 C = Inter-level travel time spent in this place.
 D = Time resting spent in this place.
 E = Time spent auto-exploring this place.
 F = Levels seen in this place.
 G = Mean time per level.
                   A        B        C        D        E       F      G
               +--------+--------+--------+--------+--------+-----+--------+
         Total |    724 |    720 |      4 |      0 |    586 |   2 |  362.0 |
       Dungeon |    724 |    720 |      4 |      0 |    586 |   2 |  362.0 |
               +--------+--------+--------+--------+--------+-----+--------+

Top non-repeatable levels by time:
     D:1: 656 daAuts
     D:2: 67 daAuts
